| TOP OF THE 1ST |
|
Atlanta (MID) Braves batting - Pitching for Lakewood BlueClaws : RHP Si-dao Xia
|
|
Pitching: RHP Si-dao Xia
|
|
|
Batting: LHB Eric Jackson
|
0-0: Called Strike 0-1: Ball 1-1: Called Strike 1-2: Foul Ball, location: 2F 1-2: Foul Ball, location: 2F 1-2: Strikes out swinging
|
|
Batting: RHB Nick Holsinger
|
0-0: Ground out 6-3 (Groundball, 6, EV 86.9 MPH)
|
|
Batting: SHB Brett McEwen
|
0-0: Ball 1-0: Ball 2-0: Ball 3-0: Called Strike 3-1: Base on Balls
|
|
Batting: LHB Tamaichi Sasada
|
0-0: Ball 1-0: Ball 2-0: Called Strike 2-1: Swinging Strike 2-2: Ball 3-2: Strikes out swinging
|
| Top of the 1st over - 0 runs, 0 hits, 0 errors, 1 left on base; Atlanta (MID) 0 - Lakewood 0 |
| BOTTOM OF THE 1ST |
|
Lakewood BlueClaws batting - Pitching for Atlanta (MID) Braves : LHP Jordan Ruiz
|
|
Pitching: LHP Jordan Ruiz
|
|
|
Batting: RHB Tony Perez
|
0-0: Called Strike 0-1: Swinging Strike 0-2: Foul Ball, location: 2F 0-2: Ball 1-2: Ball 2-2: Strikes out swinging
|
|
Batting: LHB Matt Urbanek
|
0-0: Called Strike 0-1: Swinging Strike 0-2: Ball 1-2: Strikes out swinging
|
|
Batting: RHB Alan Weller
|
0-0: Ground out 3-1 (Groundball, 34S, EV 75.0 MPH)
|
| Bottom of the 1st over - 0 runs, 0 hits, 0 errors, 0 left on base; Atlanta (MID) 0 - Lakewood 0 |
| TOP OF THE 2ND |
|
Atlanta (MID) Braves batting - Pitching for Lakewood BlueClaws : RHP Si-dao Xia
|
|
Batting: LHB Ricardo Sandoval
|
0-0: Ball 1-0: Swinging Strike 1-1: Swinging Strike 1-2: Ball 2-2: Strikes out looking
|
|
Batting: RHB Josh McCormick
|
0-0: Ball 1-0: Swinging Strike 1-1: Ball 2-1: Ball 3-1: Base on Balls
|
|
Batting: RHB Alex Campos
|
0-0: Called Strike 0-1: Fly out, F6 (Line Drive, 6MD, EV 72.5 MPH)
|
|
Batting: RHB Adonis Jenifer
|
0-0: Called Strike 0-1: Ball 1-1: Swinging Strike 1-2: Strikes out looking
|
| Top of the 2nd over - 0 runs, 0 hits, 0 errors, 1 left on base; Atlanta (MID) 0 - Lakewood 0 |
| BOTTOM OF THE 2ND |
|
Lakewood BlueClaws batting - Pitching for Atlanta (MID) Braves : LHP Jordan Ruiz
|
|
Batting: SHB Brett St. Clair
|
0-0: Called Strike 0-1: Foul Ball, location: 2F 0-2: Ball 1-2: Strikes out looking
|
|
Batting: RHB Mike Maserang
|
0-0: Fly out, F9 (Line Drive, 9S, EV 86.2 MPH)
|
|
Batting: SHB Steve DeRienzo
|
0-0: Swinging Strike 0-1: Swinging Strike 0-2: Strikes out swinging
|
| Bottom of the 2nd over - 0 runs, 0 hits, 0 errors, 0 left on base; Atlanta (MID) 0 - Lakewood 0 |
| TOP OF THE 3RD |
|
Atlanta (MID) Braves batting - Pitching for Lakewood BlueClaws : RHP Si-dao Xia
|
|
Batting: RHB Gabe Allen
|
0-0: Ball 1-0: Fly out, F9 (Flyball, 9D, EV 101.9 MPH)
|
|
Batting: LHB Eric Jackson
|
0-0: TRIPLE (Flyball, 89XD, EV 108.1 MPH)
|
|
Batting: RHB Nick Holsinger
|
0-0: Ball 1-0: Ball 2-0: Ball 3-0: Called Strike 3-1: Base on Balls
|
|
Batting: SHB Brett McEwen
|
0-0: Ball 1-0: Ball 2-0: Ball 3-0: Fielders Choice at 2nd, 6-4 (Groundball, 6, EV 88.8 MPH) Eric Jackson scores
|
|
Batting: LHB Tamaichi Sasada
|
0-0: Ball 1-0: Called Strike 1-1: Swinging Strike 1-2: Foul Ball, location: 2F 1-2: Ball 2-2: Ball 3-2: Foul Ball, location: 2F 3-2: Ground out 6-3 (Groundball, 4MD, EV 85.6 MPH)
|
| Top of the 3rd over - 1 run, 1 hit, 0 errors, 1 left on base; Atlanta (MID) 1 - Lakewood 0 |
| BOTTOM OF THE 3RD |
|
Lakewood BlueClaws batting - Pitching for Atlanta (MID) Braves : LHP Jordan Ruiz
|
|
Batting: RHB Juan Valadez
|
0-0: Ball 1-0: Foul Ball, location: 2F 1-1: Ball 2-1: Called Strike 2-2: Ball 3-2: SINGLE (Groundball, 6M, EV 100.0 MPH)
|
|
Batting: LHB Eric Farren
|
0-0: Called Strike 0-1: Foul Ball, location: 2F 0-2: Foul Ball, location: 2F 0-2: Foul Ball, location: 2F 0-2: Foul Ball, location: 2F 0-2: Strikes out swinging
|
|
Batting: RHB Kyle Reilly
|
0-0: Called Strike 0-1: Foul Ball, location: 2F 0-2: Ball 1-2: Foul Ball, location: 2F 1-2: Ball 2-2: Ball 3-2: DOUBLE (Line Drive, 8RXD, EV 98.1 MPH) Juan Valadez to third
|
|
Batting: RHB Tony Perez
|
0-0: Foul Ball, location: 2F 0-1: Called Strike 0-2: Ball 1-2: Foul Ball, location: 2F 1-2: Ball 2-2: Ball 3-2: Strikes out looking
|
|
Batting: LHB Matt Urbanek
|
0-0: Called Strike 0-1: SINGLE (Line Drive, 4M, EV 98.8 MPH) Juan Valadez scores Kyle Reilly to third Runner from 3rd tries for Home, SAFE, throw by CF to home
|
|
Batting: RHB Alan Weller
|
0-0: Fly out, F9 (Flyball, 9S, EV 81.9 MPH)
|
| Bottom of the 3rd over - 2 runs, 3 hits, 0 errors, 1 left on base; Atlanta (MID) 1 - Lakewood 2 |
| TOP OF THE 4TH |
|
Atlanta (MID) Braves batting - Pitching for Lakewood BlueClaws : RHP Si-dao Xia
|
|
Batting: LHB Ricardo Sandoval
|
0-0: Ball 1-0: SINGLE (Groundball, 34D, EV 101.2 MPH)
|
|
Batting: RHB Josh McCormick
|
0-0: DOUBLE (Groundball, 5L, EV 101.2 MPH) Ricardo Sandoval to third Runner from 3rd tries for Home, SAFE, throw by LF to home
|
|
Batting: RHB Alex Campos
|
0-0: Ball 1-0: Ball 2-0: Swinging Strike 2-1: Foul Ball, location: 2F 2-2: Strikes out swinging
|
|
Batting: RHB Adonis Jenifer
|
0-0: Ball 1-0: Ball 2-0: Called Strike 2-1: Ball 3-1: DOUBLE (Line Drive, 8LXD, EV 105.0 MPH) Josh McCormick scores
|
|
Batting: RHB Gabe Allen
|
0-0: Ball 1-0: Ball 2-0: Fly out, F7 (Line Drive, 7, EV 98.1 MPH)
|
|
Batting: LHB Eric Jackson
|
0-0: Ground out 5-3 (Groundball, 5, EV 85.0 MPH)
|
| Top of the 4th over - 2 runs, 3 hits, 0 errors, 1 left on base; Atlanta (MID) 3 - Lakewood 2 |
| BOTTOM OF THE 4TH |
|
Lakewood BlueClaws batting - Pitching for Atlanta (MID) Braves : LHP Jordan Ruiz
|
|
Batting: SHB Brett St. Clair
|
0-0: Ball 1-0: Ground out 1-3 (Groundball, 13S, EV 68.8 MPH)
|
|
Batting: RHB Mike Maserang
|
0-0: Ball 1-0: Foul Ball, location: 2F 1-1: Ball 2-1: Ball 3-1: Called Strike 3-2: Foul Ball, location: 2F 3-2: Foul Ball, location: 2F 3-2: Base on Balls
|
|
Batting: SHB Steve DeRienzo
|
0-0: Foul Ball, location: 2F 0-1: Foul Ball, location: 2F 0-2: Strikes out looking
|
|
Batting: RHB Juan Valadez
|
0-0: Ball 1-0: Called Strike 1-1: Ground out 5-3 (Groundball, 5S, EV 70.0 MPH)
|
| Bottom of the 4th over - 0 runs, 0 hits, 0 errors, 1 left on base; Atlanta (MID) 3 - Lakewood 2 |
| TOP OF THE 5TH |
|
Atlanta (MID) Braves batting - Pitching for Lakewood BlueClaws : RHP Si-dao Xia
|
|
Batting: RHB Nick Holsinger
|
0-0: Hit by Pitch
|
|
Batting: SHB Brett McEwen
|
Pickoff Throw to First - Out! 1-3 0-0: Ball 1-0: Called Strike 1-1: Called Strike 1-2: Ball 2-2: Ball 3-2: Base on Balls
|
|
Batting: LHB Tamaichi Sasada
|
0-0: Ball 1-0: Ball 2-0: Ball 3-0: Base on Balls Brett McEwen to second
|
|
Batting: LHB Ricardo Sandoval
|
0-0: Swinging Strike 0-1: Fielders Choice at 2nd, 3-6 (Groundball, 34S, EV 85.0 MPH) Brett McEwen to third
|
|
Batting: RHB Josh McCormick
|
0-0: Ball 1-0: Swinging Strike 1-1: Ball 2-1: Ball 3-1: Base on Balls Ricardo Sandoval to second
|
|
Pitching: LHP Cesar Andrade
|
|
|
Batting: RHB Alex Campos
|
0-0: Ball 1-0: Fielders Choice at 2nd, 5-4 (Groundball, 56, EV 78.8 MPH)
|
| Top of the 5th over - 0 runs, 0 hits, 0 errors, 3 left on base; Atlanta (MID) 3 - Lakewood 2 |
| BOTTOM OF THE 5TH |
|
Lakewood BlueClaws batting - Pitching for Atlanta (MID) Braves : LHP Jordan Ruiz
|
|
Batting: LHB Eric Farren
|
0-0: Called Strike 0-1: Called Strike 0-2: Ball 1-2: Strikes out swinging
|
|
Batting: RHB Kyle Reilly
|
0-0: Ball 1-0: Ball 2-0: Foul Ball, location: 2F 2-1: Foul Ball, location: 2F 2-2: Ball 3-2: Strikes out swinging, 2-3 out at first.
|
|
Batting: RHB Tony Perez
|
0-0: Ball 1-0: Ball 2-0: Called Strike 2-1: SINGLE (Groundball, 56D, EV 105.6 MPH)
|
|
Batting: LHB Matt Urbanek
|
0-0: Called Strike 0-1: Swinging Strike 0-2: Foul Ball, location: 2F 0-2: Ball 1-2: SINGLE (Groundball, 34S, EV 74.4 MPH) (infield hit) Tony Perez to second
|
|
Batting: RHB Alan Weller
|
0-0: Ball 1-0: Foul Ball, location: 2F 1-1: Ball 2-1: Ball 3-1: Called Strike 3-2: Base on Balls Tony Perez to third Matt Urbanek to second
|
|
Batting: SHB Brett St. Clair
|
0-0: Ball 1-0: Ball 2-0: Called Strike 2-1: Fly out, F6 (Popup, 6M, EV 57.5 MPH)
|
| Bottom of the 5th over - 0 runs, 2 hits, 0 errors, 3 left on base; Atlanta (MID) 3 - Lakewood 2 |
| TOP OF THE 6TH |
|
Atlanta (MID) Braves batting - Pitching for Lakewood BlueClaws : LHP Cesar Andrade
|
|
Batting: RHB Adonis Jenifer
|
0-0: Foul Ball, location: 2F 0-1: Ball 1-1: Ball 2-1: Ball 3-1: Swinging Strike 3-2: SINGLE (Line Drive, 4D, EV 99.4 MPH)
|
|
Batting: RHB Gabe Allen
|
0-0: Called Strike 0-1: Ball 1-1: Ball 2-1: Fly out, F4 (Popup, 6M, EV 72.5 MPH)
|
|
Batting: LHB Eric Jackson
|
0-0: Ball 1-0: Ball 2-0: Ball 3-0: SINGLE (Groundball, 6MD, EV 104.4 MPH) (infield hit) Adonis Jenifer to second
|
|
Pinch Runner at 2nd George Provance:
|
|
|
Batting: RHB Nick Holsinger
|
0-0: Ball 1-0: SINGLE (Flyball, 89S, EV 96.9 MPH) George Provance to third Eric Jackson to second
|
|
Batting: SHB Brett McEwen
|
0-0: Foul Ball, location: 2F 0-1: Swinging Strike 0-2: Ball 1-2: Grounds into fielders choice 3-2 (Groundball, 3S, EV 85.6 MPH) Eric Jackson to third Nick Holsinger to second
|
|
Batting: LHB Tamaichi Sasada
|
0-0: Ball 1-0: Swinging Strike 1-1: Ball 2-1: Swinging Strike 2-2: Foul Ball, location: 2F 2-2: Strikes out swinging
|
| Top of the 6th over - 0 runs, 3 hits, 0 errors, 3 left on base; Atlanta (MID) 3 - Lakewood 2 |
| BOTTOM OF THE 6TH |
|
Lakewood BlueClaws batting - Pitching for Atlanta (MID) Braves : LHP Jordan Ruiz
|
|
Now in LF: George Provance
|
|
|
Batting: RHB Mike Maserang
|
0-0: Ball 1-0: SOLO HOME RUN (Flyball, 9LD, EV 95.0 MPH), Distance : 354 ft
|
|
Batting: SHB Steve DeRienzo
|
0-0: SINGLE (Groundball, 6MD, EV 80.6 MPH) (infield hit)
|
|
Pitching: RHP Wami Benthami
|
|
|
Batting: RHB Juan Valadez
|
0-0: Called Strike 0-1: Foul Ball, location: 2F 0-2: Foul Ball, location: 2F 0-2: Ball 1-2: Ball 2-2: Ball 3-2: Base on Balls Steve DeRienzo to second
|
|
Batting: LHB Eric Farren
|
0-0: Called Strike 0-1: Swinging Strike 0-2: Ball 1-2: Ball 2-2: Foul Ball, location: 2F 2-2: Ball 3-2: Strikes out swinging
|
|
Pinch Hitting: LHB Josh George
|
0-0: Fielders Choice at 2nd, 4-6 (Groundball, 4, EV 85.0 MPH) Steve DeRienzo to third
|
|
Batting: RHB Tony Perez
|
0-0: Foul Ball, location: 2F 0-1: Fly out, F9 (Flyball, 89D, EV 104.4 MPH)
|
| Bottom of the 6th over - 1 run, 2 hits, 0 errors, 2 left on base; Atlanta (MID) 3 - Lakewood 3 |
| TOP OF THE 7TH |
|
Atlanta (MID) Braves batting - Pitching for Lakewood BlueClaws : LHP Cesar Andrade
|
|
Pitching: RHP Ron Knowles
|
|
|
Now at 2B: Trent Hedrick
|
|
|
Now at SS: Eric Farren
|
|
|
Batting: LHB Ricardo Sandoval
|
0-0: Called Strike 0-1: Ball 1-1: Foul Ball, location: 2F 1-2: Strikes out swinging
|
|
Batting: RHB Josh McCormick
|
0-0: DOUBLE (Groundball, 3L, EV 109.4 MPH)
|
|
Pinch Hitting: RHB Chris Trites
|
0-0: Called Strike 0-1: Ball 1-1: Ground out U3 (Groundball, 34, EV 108.1 MPH) Josh McCormick to third
|
|
Pinch Hitting: RHB Terry Hughes
|
0-0: Swinging Strike 0-1: Called Strike 0-2: Strikes out swinging
|
| Top of the 7th over - 0 runs, 1 hit, 0 errors, 1 left on base; Atlanta (MID) 3 - Lakewood 3 |
| BOTTOM OF THE 7TH |
|
Lakewood BlueClaws batting - Pitching for Atlanta (MID) Braves : RHP Wami Benthami
|
|
Pitching: LHP Darius Brown
|
|
|
Now at 3B: Gabe Allen
|
|
|
Now at SS: Chris Trites
|
|
|
Now in LF: Eric Jackson
|
|
|
Now in CF: Costantino Dolfini
|
|
|
Batting: LHB Matt Urbanek
|
0-0: Ball 1-0: Ball 2-0: Ball 3-0: Base on Balls
|
|
Batting: RHB Alan Weller
|
0-0: Called Strike Matt Urbanek steals 2nd base (no throw) 0-1: Ball 1-1: Foul Ball, location: 2F 1-2: Ball 2-2: Foul Ball, location: 2F 2-2: DOUBLE (Line Drive, 9LS, EV 88.8 MPH) Matt Urbanek scores
|
|
Batting: SHB Brett St. Clair
|
0-0: Called Strike 0-1: Ground out 6-3 (Groundball, 4M, EV 91.2 MPH) Alan Weller to third
|
|
Batting: RHB Mike Maserang
|
0-0: Ball 1-0: Ground out 4-3 (Groundball, 34, EV 82.5 MPH)
|
|
Batting: SHB Steve DeRienzo
|
0-0: Called Strike 0-1: Called Strike 0-2: Ball 1-2: Ball 2-2: Ground out 6-3 (Groundball, 56, EV 84.4 MPH)
|
| Bottom of the 7th over - 1 run, 1 hit, 0 errors, 1 left on base; Atlanta (MID) 3 - Lakewood 4 |
| TOP OF THE 8TH |
|
Atlanta (MID) Braves batting - Pitching for Lakewood BlueClaws : RHP Ron Knowles
|
|
Pitching: RHP Lance Brisson
|
|
|
Batting: RHB Gabe Allen
|
0-0: Ball 1-0: Called Strike 1-1: Ball 2-1: Foul Ball, location: 2F 2-2: Strikes out swinging
|
|
Batting: LHB Eric Jackson
|
0-0: Foul Ball, location: 2F 0-1: Bunt missed! 0-2: Ball 1-2: Ball 2-2: Ball 3-2: Base on Balls
|
|
Batting: RHB Nick Holsinger
|
0-0: Ball 1-0: Fielders Choice at 2nd, 6-4 (Groundball, 56, EV 107.5 MPH)
|
|
Batting: SHB Brett McEwen
|
0-0: Called Strike 0-1: Foul Ball, location: 2F 0-2: Foul Ball, location: 2F 0-2: Ball 1-2: Ball 2-2: 2-RUN HOME RUN (Flyball, 9LD, EV 93.8 MPH), Distance : 348 ft
|
|
Batting: LHB Tamaichi Sasada
|
0-0: Called Strike 0-1: Swinging Strike 0-2: Ball 1-2: Ball 2-2: Fly out, F8 (Line Drive, 8RS, EV 96.9 MPH)
|
| Top of the 8th over - 2 runs, 1 hit, 0 errors, 0 left on base; Atlanta (MID) 5 - Lakewood 4 |
| BOTTOM OF THE 8TH |
|
Lakewood BlueClaws batting - Pitching for Atlanta (MID) Braves : LHP Darius Brown
|
|
Batting: RHB Juan Valadez
|
0-0: Called Strike 0-1: Ball 1-1: Ball 2-1: Swinging Strike 2-2: Foul Ball, location: 2F 2-2: Foul Ball, location: 2F 2-2: Ball 3-2: SINGLE (Flyball, 6MD, EV 90.6 MPH)
|
|
Batting: LHB Eric Farren
|
0-0: Ball 1-0: Bunt missed! 1-1: Bunted foul 1-2: Ball 2-2: Foul Ball, location: 2F 2-2: Foul Ball, location: 2F 2-2: Ball 3-2: Strikes out swinging
|
|
Batting: RHB Trent Hedrick
|
0-0: Ball 1-0: Swinging Strike 1-1: Sac Bunt to 15 - play at first, batter OUT! 1-3 Juan Valadez to second
|
|
Batting: RHB Tony Perez
|
0-0: Ball 1-0: Swinging Strike 1-1: Ground out 6-3 (Groundball, 6, EV 90.0 MPH)
|
| Bottom of the 8th over - 0 runs, 1 hit, 0 errors, 1 left on base; Atlanta (MID) 5 - Lakewood 4 |
| TOP OF THE 9TH |
|
Atlanta (MID) Braves batting - Pitching for Lakewood BlueClaws : RHP Lance Brisson
|
|
Batting: LHB Ricardo Sandoval
|
0-0: Swinging Strike 0-1: Ball 1-1: Fly out, F7 (Line Drive, 78D, EV 86.2 MPH)
|
|
Batting: RHB Josh McCormick
|
0-0: Ball 1-0: Called Strike 1-1: Fly out, F5 (Popup, 5SF, EV 86.9 MPH)
|
|
Batting: RHB Chris Trites
|
0-0: SINGLE (Line Drive, 5D, EV 96.2 MPH)
|
|
Batting: RHB Costantino Dolfini
|
0-0: Ball 1-0: Ball Chris Trites is caught stealing 2nd base 2-4
|
| Top of the 9th over - 0 runs, 1 hit, 0 errors, 0 left on base; Atlanta (MID) 5 - Lakewood 4 |
| BOTTOM OF THE 9TH |
|
Lakewood BlueClaws batting - Pitching for Atlanta (MID) Braves : LHP Darius Brown
|
|
Pitching: RHP Jessie Mattei
|
|
|
Batting: LHB Matt Urbanek
|
0-0: Swinging Strike 0-1: Called Strike 0-2: Foul Ball, location: 2F 0-2: SINGLE (Line Drive, 5D, EV 95.6 MPH)
|
|
Batting: RHB Alan Weller
|
0-0: Foul Ball, location: 2F 0-1: Called Strike 0-2: Foul Ball, location: 2F 0-2: Foul Ball, location: 2F 0-2: Strikes out swinging
|
|
Batting: SHB Brett St. Clair
|
0-0: Ball 1-0: SINGLE (Groundball, 3D, EV 110.0 MPH) Matt Urbanek to second Runner from 2nd tries for 3rd, SAFE, throw by RF made to third
|
|
Batting: RHB Mike Maserang
|
0-0: Foul Ball, location: 2F 0-1: Ball 1-1: Ball 2-1: SINGLE (Groundball, 56, EV 100.0 MPH) (infield hit) Matt Urbanek scores Brett St. Clair to second
|
|
Batting: SHB Steve DeRienzo
|
0-0: Called Strike 0-1: Ball 1-1: Foul Ball, location: 2F 1-2: Ball 2-2: Ball 3-2: Foul Ball, location: 2F 3-2: Fielders Choice at 2nd, 1-4 (Groundball, 15S, EV 74.4 MPH) Brett St. Clair to third
|
|
Batting: RHB Juan Valadez
|
0-0: Ball 1-0: SINGLE (Groundball, 34D, EV 105.6 MPH) Brett St. Clair scores
|
| Bottom of the 9th over - 2 runs, 4 hits, 0 errors, 1 left on base; Atlanta (MID) 5 - Lakewood 6 |
|